 Dungeon Crawl Stone Soup version 0.31.0-11-ge490571c62 (webtiles) character file.

Game seed: 12690731746206526661

41 Bobbunny the Sneak (level 3, -1/30 HPs)
             Began as a Formicid Delver on Feb 3, 2024.
             Slain by an orc
             ... wielding a +2 flail of holy wrath
              (9 damage)
             ... on level 3 of the Dungeon.
             The game lasted 00:01:14 (349 turns).

Bobbunny the Sneak (Formicid Delver)                 Turns: 349, Time: 00:01:15

Health: -1/30      AC:  8    Str: 18    XL:     3   Next: 75%
Magic:  3/3        EV:  8    Int:  9    God:
Gold:   0          SH:  0    Dex: 15    Spells: 2/2 levels left

rFire   . . .        a - +0 hand axe
rCold   . . .        (no shield)
rNeg    . . .        k - +0 chain mail
rPois   .            (helmet unavailable)
rElec   .            (no cloak)
rCorr   .            (no gloves)
SInv    +            (no boots)
Will    .....        i - amulet of the acrobat
Stlth   +            (no ring)
HPRegen 0.25/turn    (no ring)
MPRegen 0.08/turn

%: acrobat
@: no status effects
A: permanent stasis, dig shafts and tunnels, antennae 3, four strong arms
a: Dig, Shaft Self


You were on level 3 of the Dungeon.
You visited 1 branch of the dungeon, and saw 3 of its levels.

Inventory:

Hand Weapons
 a - a +0 hand axe (weapon)
Missiles
 j - 3 boomerangs (quivered)
Armour
 b - a +0 leather armour
 k - a +0 chain mail (worn)
Jewellery
 i - an amulet of the acrobat (around neck)
Wands
 f - a wand of digging (3)
 h - a wand of mindburst (2)
Scrolls
 c - a scroll of fog
 d - a scroll of noise {unknown}
 e - a scroll of fear
 g - 3 scrolls of teleportation {unknown}


   Skills:
 + Level 4.1 Fighting
 + Level 3.0 Axes
 - Level 1.7 Dodging
 - Level 6.0 Stealth


You had 2 spell levels left.
You didn't know any spells.
Your spell library contained the following spells:

 Spells                   Type           Power      Damage    Failure   Level
 Hailstorm                Conj/Ice       0%         3d5       100%        3
 Summon Ice Beast         Ice/Summ       0%         N/A       100%        3
 Sculpt Simulacrum        Ice/Alch       0%         N/A       100%        6


Dungeon Overview and Level Annotations

Branches:
Dungeon (5/15)
 Temple: D:4-7

Altars:


Innate Abilities, Weirdness & Mutations

You cannot be hasted, slowed, berserked, paralysed or teleported.
You can dig through walls and to a lower floor.
You have a pair of large antennae on your head. (SInv)
Your four strong arms can wield two-handed weapons with a shield.


Message History

You barely miss the orc. You miss the orc.
You feel less confused. The orc hits you but does no damage.
The orc barely misses you. The orc wizard casts a spell at you.
You are confused.
You hit the orc.
The orc is almost dead.
You miss the orc wizard. You closely miss the orc.
The orc hits you with a +0 short sword. The orc closely misses you.
The orc wizard barely misses you.
The orc hits you with a +2 flail of holy wrath.
The orc wizard hits you but does no damage.
The orc hits you with a +0 short sword.
* * * LOW HITPOINT WARNING * * *
You're too confused to move!
The orc wizard hits you but does no damage.
The orc hits you but does no damage. The orc barely misses you.
You're too confused to move!
The orc wizard hits you but does no damage.
The orc hits you but does no damage.
The orc hits you with a +2 flail of holy wrath.
* * * LOW HITPOINT WARNING * * *
The orc misses you.
You barely miss the orc wizard.
The orc wizard is moderately wounded.
You miss the orc. The orc barely misses you.
The orc wizard hits you but does no damage.
You bump into the rock wall.
The orc hits you but does no damage.
The orc wizard hits you but does no damage.
You closely miss the orc wizard.
The orc wizard is moderately wounded.
You hit the orc but do no damage.
You feel less confused. The orc hits you but does no damage.
The orc wizard hits you but does no damage.
You closely miss the orc wizard.
The orc wizard is moderately wounded.
You closely miss the orc.
The orc hits you with a +2 flail of holy wrath!
You die...

.. # .o .... ###+...
#.. #....#. #### ... ..
#..... .(# #.# #.
,..... #.# #.# #.
#..#####.####.# #.
#...oo@..)....#### ##.
#....o##.##>.....####.>
#.###$##.##..###.##....
... .........# #.##....
...# #...#.##.##
#....... ....
.#.#..##.# ####.... ###
##........# #....
##.....### ###.#
#..####### #.#


You could see an orc wizard and 2 orcs.

Vanquished Creatures
  An orc wizard (D:3)
  A dart slug (D:4)
  5 orcs (D:3)
  A ball python (D:3)
  2 bats (D:3)
  An endoplasm (D:3)
  A hobgoblin (D:3)
  A quokka (D:4)
  A frilled lizard (D:3)
  A rat (D:3)
15 creatures vanquished.

Notes
Turn   | Place    | Note
-------+----------+-------------------------------------------
     0 | D:5      | Bobbunny the Formicid Delver began the quest for the Orb.
     0 | D:5      | Reached XP level 1. HP: 18/18 MP: 1/1
    35 | D:5      | Noticed a scorpion
   102 | D:3      | Reached XP level 2. HP: 24/24 MP: 2/2
   316 | D:3      | Reached XP level 3. HP: 24/30 MP: 3/3
   349 | D:3      | Slain by an orc

Illustrated notes

Levels and vault maps discovered:
D:3:      layout_loops_ring, nicolae_ru_great_annihilating_truth,
          minmay_distorted
D:4:      minmay_chambers_of_fours, layout_loops_cross, uniq_edmund
D:5:      layout_basic, kennysheep_ying_yang, nicolae_ossuary_entry_monument,
          uniq_grinder

Skill      XL: |  1  2 |
---------------+-------+-----
Fighting       | 4 |  4.1
Axes           | 3 |  3.0
Dodging        | |  1.7
Stealth        | |  6.0

Action                     || total
---------------------------++-------
  Melee: Hand axe          ||    69
    Use: Scroll            ||     1
   Stab: Sleeping          ||     2
 Armour: Leather armour    ||     9
         Chain mail        ||    52
  Dodge: Dodged            ||    40
